 Dungeon Crawl Stone Soup version 0.29-a0-830-gcb1280458a (webtiles) character file.

Game seed: 2633665104701012021

755 27snakeeyes612 the Sneak (level 7, -4/32 HPs)
             Began as a Spriggan Enchanter on July 12, 2022.
             Was an Initiate of Dithmenos.
             Killed by nerve-wracking pain
             ... invoked by a shadow imp
              (13 damage)
             ... on level 5 of the Dungeon.
             The game lasted 00:06:05 (6200 turns).

27snakeeyes612 the Sneak (Spriggan Enchanter)       Turns: 6200, Time: 00:06:05

Health: -4/32      AC:  4    Str:  4    XL:     7   Next: 49%
Magic:  24/24      EV: 20    Int: 16    God:    Dithmenos [......]
Gold:   194        SH:  0    Dex: 18    Spells: 11/16 levels left

rFire   . . .      SeeInvis +   k - +1 rapier
rCold   . . .      Faith    .   (no shield)
rNeg    . . .      Spirit   .   b - +1 robe
rPois   .          Reflect  .   (helmet restricted)
rElec   .          Harm     .   d - +0 cloak
rCorr   .          Rampage  .   (gloves unavailable)
Will    +....                   (boots unavailable)
Stlth   ++++......              p - amulet of the acrobat
HPRegen 0.10/turn               o - ring of magical power
MPRegen 0.19/turn               (no ring)

@: very quick
A: very small, no large weapons, unfitting armour, see invisible, speed 3
a: Renounce Religion


You were on level 5 of the Dungeon.
You worshipped Dithmenos.
Dithmenos was noncommittal.
You visited 1 branch of the dungeon, and saw 5 of its levels.

You collected 194 gold pieces.

Inventory:

Hand Weapons
 a - a +1 dagger
 e - a +0 short sword of protection
 k - a +1 rapier (weapon)
Armour
 b - a +1 robe (worn)
 d - a +0 cloak (worn)
Jewellery
 o - a ring of magical power (left hand)
 p - an amulet of the acrobat (around neck)
Scrolls
 g - a scroll of amnesia
 l - 3 scrolls of teleportation
Potions
 c - 2 potions of invisibility
 f - 4 potions of lignification
 h - 2 potions of degeneration
 i - a potion of cancellation
 j - 3 potions of brilliance
 m - 2 potions of might
 n - a potion of curing


   Skills:
 + Level 4.1 Short Blades
 + Level 5.4 Dodging
 + Level 7.4 Stealth
 + Level 5.1 Spellcasting
 + Level 5.7 Hexes


You had 11 spell levels left.
You knew the following spells:

 Your Spells              Type           Power      Damage    Failure   Level
a - Ensorcelled Hibernat  Hex/Ice        26%        N/A       7%          2
b - Confusing Touch       Hex            22%        N/A       4%          3

Your spell library contained the following spells:

 Spells                   Type           Power      Damage    Failure   Level
 Tukima's Dance           Hex            22%        N/A       4%          3
 Dazzling Flash           Conj/Hex       26%        N/A       14%         3
 Freeze                   Ice            16%        1d4       16%         1
 Magic Dart               Conj           16%        1d3       16%         1
 Searing Ray              Conj           8%         2d4       22%         2
 Frozen Ramparts          Ice            8%         1d2       41%         3
 Gell's Gravitas          Tloc           4%         N/A       41%         3
 Lesser Beckoning         Tloc           4%         N/A       41%         3
 Teleport Other           Tloc           4%         N/A       41%         3
 Fulminant Prism          Conj/Hex       6%         3d7       43%         4
 Hailstorm                Conj/Ice       4%         3d4       83%         4


Dungeon Overview and Level Annotations

Branches:
Dungeon (5/15)
 Temple: D:4-7

Altars:
Dithmenos
Kikubaaqudgha
Ru
Trog
Zin


Innate Abilities, Weirdness & Mutations

You are very small and have problems with some larger weapons.
You are too small for most types of armour.
You have supernaturally acute eyesight. (SInv)
You cover ground extremely quickly. (Speed+++)


Message History

You hit the phantom but do no damage.
The phantom appears confused.
The phantom is moderately damaged.
You hit the phantom but do no damage.
The phantom is moderately damaged.
The phantom hits you.
* * * LOW HITPOINT WARNING * * *
The phantom blinks!
You blink.
You hit the phantom.
The phantom is heavily damaged.
The phantom completely misses you.
You hit the phantom.
The phantom is severely damaged.
The phantom hits itself.
You puncture the phantom!
You destroy the phantom!
Your Short Blades skill increases to level 4!
You start resting.
Magic restored.
You start resting.
A shadow imp is nearby!
There is a shadowy altar of Dithmenos here.
You kneel at the altar of Dithmenos.
Dithmenos welcomes you!
You hit the shadow imp but do no damage.
The shadow imp hits you but does no damage.
You hit the shadow imp.
The shadow imp is lightly wounded.
The shadow imp completely misses you.
You closely miss the shadow imp.
The shadow imp is lightly wounded.
The shadow imp hits you.
* * * LOW HITPOINT WARNING * * *
You barely miss the shadow imp.
The shadow imp is lightly wounded.
The shadow imp barely misses you.
You closely miss the shadow imp.
The shadow imp is lightly wounded.
The shadow imp gestures at you. Pain shoots through your body!
You die...

#.....#### #.# #.# #####.#
##+## #.# #.# ##...## #.#
###.# ##.....## ###.# ##.#.#
##.......## #...#
####....###_........####...##
..........+.........+..†....#
###....####......5..####...##
#.#.## ##....@..#####..###
#.### ##.....##........###
#.# ##...###.###.##...## #.#
##'## #.# #.#.....# #.# #.#
#.# #.......# #.#
#######.####.#####.....#
#.........##..........##
#.####....##########.##
#........# #.#


You could see a shadow imp.

Vanquished Creatures
  Grinder (D:4)
  2 phantoms (D:5)
  A kobold brigand (D:5)
  A bullfrog (D:5)
  A howler monkey (D:5)
  2 hounds
  An iguana (D:5)
  5 adders
  3 gnolls (D:3)
  2 worms
  2 dart slugs (D:2)
  An orc (D:4)
  2 bats
  11 endoplasms
  4 giant cockroaches
  5 hobgoblins
  5 jackals
  11 kobolds
  2 quokkas
  10 ball pythons
  4 frilled lizards
  2 goblins
  6 rats
84 creatures vanquished.

Vanquished Creatures (others)
  A wizard (D:3)
1 creature vanquished.

Grand Total: 85 creatures vanquished

Notes
Turn   | Place    | Note
-------+----------+-------------------------------------------
     0 | D:1      | 27snakeeyes612 the Spriggan Enchanter began the quest for
                  | the Orb.
     0 | D:1      | Reached XP level 1. HP: 9/9 MP: 5/5
   326 | D:1      | Reached XP level 2. HP: 2/13 MP: 6/6
   611 | D:1      | Learned a level 2 spell: Ensorcelled Hibernation
  1917 | D:2      | Reached XP level 3. HP: 7/16 MP: 8/8
  2449 | D:2      | Reached skill level 5 in Stealth
  3732 | D:2      | Reached XP level 4. HP: 21/21 MP: 10/10
  3978 | D:3      | Found a bloodstained altar of Trog.
  3982 | D:3      | Noticed a wizard
  3991 | D:3      | Killed a wizard
  4110 | D:3      | Found an ancient bone altar of Kikubaaqudgha.
  4161 | D:3      | Found a sacrificial altar of Ru.
  4473 | D:4      | Found a glowing silver altar of Zin.
  4729 | D:4      | Noticed Grinder
  4761 | D:4      | Learned a level 3 spell: Confusing Touch
  4969 | D:4      | Reached XP level 5. HP: 22/24 MP: 11/11
  5222 | D:4      | Killed Grinder
  5223 | D:4      | Reached skill level 6 in Stealth
  5223 | D:4      | Reached skill level 5 in Hexes
  5223 | D:4      | Reached XP level 6. HP: 28/28 MP: 13/13
  5370 | D:5      | Entered Level 5 of the Dungeon
  5891 | D:5      | Reached skill level 5 in Dodging
  5891 | D:5      | Reached XP level 7. HP: 32/32 MP: 15/15
  5982 | D:5      | Reached skill level 7 in Stealth
  6129 | D:5      | Found a shadowy altar of Dithmenos.
  6162 | D:5      | Reached skill level 5 in Spellcasting
  6190 | D:5      | Became a worshipper of Dithmenos the Shadowed
  6200 | D:5      | Killed from afar by a shadow imp

Illustrated notes

Levels and vault maps discovered:
D:1:      minmay_arrival_jagged, layout_basic
D:2:      layout_loops_ring
D:3:      layout_rooms, nicolae_ru_path_of_blood, lemuel_tele_altar, trog_wizard
D:4:      layout_gridville, mainiacjoe_overflow_catwalk, uniq_grinder
D:5:      layout_loops_corners, overflow_temple_1_default, abandoned_shop,
          nicolae_concentric_dashed_squares_wild

Skill      XL: |  1  2  3  4  5  6  7 |
---------------+----------------------+-----
Dodging        | 3 4 5 |  5.4
Spellcasting   | 3 4 5 |  5.1
Hexes          | 4 5 |  5.7
Stealth        | 5 6 7 |  7.4
Short Blades   | 2 3 4 |  4.1

Action                   |  1- 3 |  4- 6 |  7- 9 || total
-------------------------+-------+-------+-------++-------
Melee: Dagger            |    70 |       |       ||    70
       Short sword       |    29 |       |       ||    29
       Punch             |     2 |     1 |       ||     3
       Rapier            |    29 |   113 |    54 ||   196
 Cast: Ensorcelled Hiber |    13 |     7 |     1 ||    21
       Confusing Touch   |       |     1 |     3 ||     4
  Use: Scroll            |     9 |     4 |       ||    13
       Potion            |       |     1 |       ||     1
 Stab: Sleeping          |    11 |    15 |     1 ||    27
       Distracted        |     1 |     1 |       ||     2
       Confused          |       |     2 |     2 ||     4
Armor: Robe              |    13 |    17 |     6 ||    36
Dodge: Dodged            |    96 |   124 |    39 ||   259

Table legend: (Time is in decaauts)
 A = Elapsed time spent in this place.
 B = Non-inter-level travel time spent in this place.
 C = Inter-level travel time spent in this place.
 D = Time resting spent in this place.
 E = Time spent auto-exploring this place.
 F = Levels seen in this place.
 G = Mean time per level.
                   A        B        C        D        E       F      G
               +--------+--------+--------+--------+--------+-----+--------+
         Total |   5077 |   5017 |     60 |   1190 |   3104 |   5 | 1015.4 |
       Dungeon |   5077 |   5017 |     60 |   1190 |   3104 |   5 | 1015.4 |
               +--------+--------+--------+--------+--------+-----+--------+

Top non-repeatable levels by time:
     D:2: 1717 daAuts
     D:1: 1597 daAuts
     D:5: 669 daAuts
     D:4: 665 daAuts
     D:3: 427 daAuts
